 Dungeon Crawl Stone Soup version 0.24.1-8-ga250c9d538 (webtiles) character file.

Game seed: 7458756187952784776, levelgen mode: deterministic

656 Hugehornet the Insei (level 7, 0/41 (43) HPs)
             Began as an Octopode Transmuter on May 5, 2020.
             Slain by an ogre
             ... wielding a +0 giant club
              (20 damage)
             ... on level 5 of the Dungeon.
             The game lasted 00:10:24 (4979 turns).

Hugehornet the Insei (Octopode Transmuter)          Turns: 4979, Time: 00:10:24

HP:   0/41 (43)     AC:  2    Str: 10    XL:     7   Next: 55%
MP:   8/11          EV: 19    Int: 17    God:
Gold: 259           SH:  0    Dex: 17    Spells: 5/11 levels left

rFire    . . .     SeeInvis .     - Unarmed
rCold    . . .     Gourm    .   (shield currently unavailable)
rNeg     . . .     Faith    .   (helmet currently unavailable)
rPois    x         Spirit   .   (no amulet)
rElec    .         Reflect  .   (no ring)
rCorr    .         Harm     .   (no ring)
MR       .....                  (no ring)
Stlth    ++........             (no ring)
HPRegen  0.13/turn              (no ring)
MPRegen  0.12/turn              (no ring)
                                (no ring)
                                (no ring)

@: spider-form
A: tiny, almost no armour, stealthy swim, (amphibious), 8 rings, (constrict 8)
a: End Transformation


You were on level 5 of the Dungeon.
You were not hungry.
You were a venomous arachnid creature.
You visited 1 branch of the dungeon, and saw 5 of its levels.

You collected 259 gold pieces.

Inventory:

Missiles
 a - 56 arrows
Armour
 h - a +2 hat (melded)
Scrolls
 e - 2 scrolls of enchant armour {unknown}
 g - 2 scrolls of teleportation
 i - a scroll of random uselessness {unknown}
 j - 2 scrolls of enchant weapon {unknown}
 l - a scroll of blinking {unknown}
 p - a scroll of identify
Potions
 b - 2 potions of agility
 d - a potion of might {unknown}
 f - a potion of flight {unknown}
 k - 2 potions of brilliance
 m - a potion of lignification {unknown}
 n - 2 potions of heal wounds {unknown}
 o - a potion of resistance {unknown}
 q - a potion of haste {unknown}
Comestibles
 c - 6 rations


   Skills:
 - Level 1.0 Fighting
 - Level 2.0 Dodging
 + Level 2.6 Stealth
 * Level 6.4 Unarmed Combat
 + Level 2.7 Spellcasting
 - Level 5.0 Transmutations
 - Level 1.0 Poison Magic


You had 5 spell levels left.
You knew the following spells:

 Your Spells              Type           Power        Failure   Level  Hunger
a - Beastly Appendage     Tmut           ###...       9%          1    #......
b - Sticks to Snakes      Tmut           ###.....     12%         2    ##.....
c - Spider Form           Tmut/Pois      ##........   34%         3    ###....

Your spell library contained the following spells:

 Spells                   Type           Power        Failure   Level  Hunger
 Ice Form                 Ice/Tmut       ##......     75%         4    #####..
 Blade Hands              Tmut           ###.......   75%         5    ######.


Dungeon Overview and Level Annotations

Branches:
Dungeon (5/15)
 Temple: D:4-7

Altars:
Hepliaklqana
Zin


Innate Abilities, Weirdness & Mutations

You cannot wear most types of armour.
You are very stealthy in the water. (Stealth+)
((You are amphibious.))
You can wear up to eight rings at the same time.
((You can use your tentacles to constrict eight enemies at once.))
((Your skin changes colour to match your surroundings (Stealth+).))
((Your rubbery body absorbs attacks. (AC +1, EV +1)))


Message History

Casting: Beastly Appendage (safe; 2% risk of failure)
Confirm with . or Enter, or press ? or * to list all spells.
Your tentacle spike disappears.
You turn into a venomous arachnid creature.
Your +2 hat melds into your body.
You lose your grip on the adder skeleton.
The adder skeleton misses you. The adder completely misses you.
The adder skeleton barely misses you.
You bite the adder skeleton!
You destroy the adder skeleton!
The adder completely misses you.
You barely miss the adder. The adder barely misses you.
The ogre hits you with a +0 giant club!!
Ouch! That really hurt!
The adder misses you.
You bite the ogre!
The ogre is poisoned.
The ogre is heavily wounded.
The adder misses you.
The ogre hits you with a +0 giant club!!
You die...

########
.......#########
######.........#########
#########..sO......
##..S..#/.> .......#
#.#..#..# #.#.###?.. #
##. #### #


You could see an ogre and an adder.

Vanquished Creatures
  A phantom (D:4)
  An ogre (D:4)
  A necrophage (D:3)
  A scorpion (D:4)
  A hound (D:4)
  An orc priest (D:4)
  An iguana (D:4)
  A worker ant (D:4)
  Robin (D:2)
  7 adders
  4 gnolls (D:2)
  2 oozes (D:3)
  2 adder skeletons
  2 worms (D:3)
  3 dart slugs
  2 leopard geckos
  7 orcs
  8 bats
  4 giant cockroaches
  14 goblins
  8 hobgoblins
  3 jackals (D:1)
  3 quokkas
  8 frilled lizards
  9 kobolds
  A leopard gecko skeleton (D:4)
  7 rats
103 creatures vanquished.

Notes
Turn   | Place    | Note
-------+----------+-------------------------------------------
     0 | D:1      | Hugehornet the Octopode Transmuter began the quest for the
                  | Orb.
     0 | D:1      | Reached XP level 1. HP: 13/13 MP: 3/3
   227 | D:1      | Reached XP level 2. HP: 18/18 MP: 3/5
   231 | D:1      | Learned a level 2 spell: Sticks to Snakes
   702 | D:2      | Reached XP level 3. HP: 21/23 MP: 4/6
   943 | D:2      | Noticed Robin
  1163 | D:1      | Learned a level 3 spell: Spider Form
  1447 | D:2      | Killed Robin
  1447 | D:2      | Reached XP level 4. HP: 8/28 MP: 0/7
  1723 | D:2      | Found a hazy altar of Hepliaklqana.
  1767 | D:2      | Reached skill level 1 in Poison Magic
  2252 | D:2      | Reached XP level 5. HP: 24/33 MP: 8/8
  2534 | D:3      | Noticed a necrophage
  2543 | D:3      | Killed a necrophage
  2543 | D:3      | Reached skill level 4 in Unarmed Combat
  2546 | D:3      | Reached skill level 5 in Transmutations
  2712 | D:3      | Reached XP level 6. HP: 36/36 MP: 7/9
  3050 | D:3      | Found a glowing silver altar of Zin.
  3478 | D:4      | Reached skill level 5 in Unarmed Combat
  3722 | D:4      | Reached XP level 7. HP: 33/41 MP: 10/10
  3780 | D:4      | Reached skill level 1 in Stealth
  3811 | D:4      | Reached skill level 6 in Unarmed Combat
  4123 | D:4      | HP: 2/41 [phantom (6)]
  4953 | D:5      | Entered Level 5 of the Dungeon
  4979 | D:5      | Slain by an ogre

Levels and vault maps discovered:
D:1:      nzn_arrival_settlement, layout_basic
D:2:      layout_loops_ring, lemuel_doored_altar, kennysheep_generic_room_2,
          uniq_robin
D:3:      minmay_octagon_keep, layout_basic, zin_academy
D:4:      layout_basic, first_ration
D:5:      layout_loops_ring, basic_altar

Skill      XL: |  1  2  3  4  5  6  7 |
---------------+----------------------+-----
Transmutations | 3 4 5 |  5.0
Poison Magic   | 1 |  1.0
Unarmed Combat | 4 5 6 |  6.4
Stealth        | 2 |  2.6
Fighting       | |  1.0
Dodging        | |  2.0
Spellcasting   | |  2.7

Action                   |  1- 3 |  4- 6 |  7- 9 || total
-------------------------+-------+-------+-------++-------
Melee: Unarmed           |    79 |   120 |    59 ||   258
       Constrict         |    26 |    32 |     4 ||    62
       Kick              |    13 |    27 |     7 ||    47
       Tentacles         |     6 |    13 |     8 ||    27
       Punch             |     1 |     1 |     1 ||     3
 Cast: Beastly Appendage |    16 |    27 |     8 ||    51
       Spider Form       |     4 |     4 |     3 ||    11
       Sticks to Snakes  |       |       |     7 ||     7
  Use: Scroll            |       |     3 |       ||     3
       Potion            |       |       |     1 ||     1
 Stab: Sleeping          |     2 |     3 |     1 ||     6
  Eat: Chunk             |     2 |     9 |     1 ||    12
       Ration            |       |       |     1 ||     1
Armor: Skin              |    11 |    14 |     4 ||    29
Dodge: Dodged            |    59 |    67 |    34 ||   160
